 Dungeon Crawl Stone Soup version 0.28.0-1-gb440e238dd (webtiles) character file.

Game seed: 1027660715847071547

6512 H0rd4k the Thaumaturge (level 10, 0/51 HPs)
             Began as a Deep Elf Hedge Wizard on Feb 18, 2022.
             Was an Initiate of Gozag.
             Slain by a slime creature (10 damage)
             ... on level 9 of the Dungeon on Feb 21, 2022.
             The game lasted 00:33:28 (16635 turns).

H0rd4k the Thaumaturge (Deep Elf Hedge Wizard)     Turns: 16635, Time: 00:33:28

Health: 0/51       AC:  5    Str:  7    XL:     10   Next: 69%
Magic:  16/30      EV: 14    Int: 26    God:    Gozag
Gold:   581        SH:  5    Dex: 20    Spells: 22/37 levels left

rFire   + + .      SeeInvis .   j - +6 quarterstaff of Conservatism {flame, Fragile rElec rF++ Int+2}
rCold   . . .      Faith    .   (shield currently unavailable)
rNeg    . . .      Spirit   .   B - +2 robe {Archmagi}
rPois   .          Reflect  +   o - +1 hat
rElec   +          Harm     .   (no cloak)
rCorr   .          Rampage  .   (no gloves)
Will    ++...      Archmagi +   (no boots)
Stlth   +++....... Clarity  +   y - amulet of reflection
HPRegen 0.00/turn               t - +6 ring of dexterity
MPRegen 0.22/turn               E - ring of willpower

@: inhibited regen
A: clarity, inhibited regeneration, wild magic 1
a: Renounce Religion, Potion Petition, Call Merchant, Bribe Branch


You were on level 9 of the Dungeon.
You worshipped Gozag.
Gozag was pleased with you.
You visited 2 branches of the dungeon, and saw 11 of its levels.

You collected 688 gold pieces.
You paid 107 gold pieces to Gozag.

Inventory:

Hand Weapons
 a - a +0 dagger
 j - the +6 quarterstaff of Conservatism (weapon) {flame, Fragile rElec rF++ Int+2}
   (You found it on level 3 of the Dungeon)

   It burns those it strikes, dealing additional fire damage.
   Int:       It affects your intelligence (+2).
   rF:        It greatly protects you from fire.
   rElec:     It insulates you from electricity.
   Fragile:   It will be destroyed if unequipped.
Armour
 b - a +0 robe
 o - a +1 hat (worn)
 p - an orb of guile
 u - an orb of energy
 B - a +2 robe of the Archmagi (worn)
Jewellery
 m - a ring of ice
 t - a +6 ring of dexterity (left hand)
 y - an amulet of reflection (around neck)
 C - an amulet of the acrobat
 D - a +6 ring of dexterity
 E - a ring of willpower (right hand)
 F - a ring of ice
Wands
 z - a wand of paralysis (7)
 A - a wand of iceblast (4)
 H - a wand of polymorph (2)
Scrolls
 c - 3 scrolls of blinking {unknown}
 e - 2 scrolls of amnesia {unknown}
 g - a scroll of enchant weapon {unknown}
 k - 2 scrolls of magic mapping {unknown}
 l - a scroll of teleportation {unknown}
 q - a scroll of immolation {unknown}
 r - a scroll of brand weapon {unknown}
 s - 3 scrolls of enchant armour {unknown}
 x - 2 scrolls of vulnerability {unknown}
 G - 2 scrolls of torment {unknown}
 I - a scroll of silence {unknown}
 J - a scroll of holy word {unknown}
Potions
 d - a potion of heal wounds {unknown}
 f - 2 potions of curing
 h - 2 potions of mutation
 i - a potion of brilliance
 n - 2 potions of might
 v - a potion of invisibility {unknown}
 w - a potion of haste {unknown}


   Skills:
 + Level 0.7 Fighting
 + Level 3.7 Dodging
 + Level 3.0 Stealth
 + Level 0.5 Shields
 + Level 14.1 Spellcasting
 + Level 10.6 Conjurations
 + Level 1.1 Summonings
 + Level 1.9 Translocations
 + Level 3.9 Fire Magic
 + Level 4.5 Air Magic
 * Level 1.6 Earth Magic
 + Level 3.4 Poison Magic
 + Level 0.2 Evocations


You had 22 spell levels left.
You knew the following spells:

 Your Spells              Type           Power      Damage    Failure   Level
a - Magic Dart            Conj           100%       1d8       1%          1
b - Blink                 Tloc           100%       N/A       3%          2
c - Conjure Flame         Conj/Fire      83%        6-21      1%          3
d - Mephitic Cloud        Conj/Pois/Air  78%        N/A       1%          3
e - Iron Shot             Conj/Erth      39%        9d8       45%         6

Your spell library contained the following spells:

 Spells                   Type           Power      Damage    Failure   Level
 Stone Arrow              Conj/Erth      100%       3d13      1%          3
 Sandblast                Erth           100%       2d20      3%          1
 Beastly Appendage        Tmut           70%        N/A       5%          1
 Pain                     Necr           100%       1d9       5%          1
 Slow                     Hex            100%       N/A       5%          1
 Call Imp                 Summ           47%        N/A       5%          2
 Passwall                 Tmut/Erth      36%        N/A       5%          2
 Wereblood                Tmut           35%        N/A       8%          2
 Spider Form              Tmut/Pois      52%        N/A       8%          3
 Animate Armour           Summ/Erth      98%        N/A       24%         4
 Agony                    Necr           35%        N/A       71%         5
 Blade Hands              Tmut           17%        N/A       71%         5
 Excruciating Wounds      Necr           17%        N/A       71%         5


Dungeon Overview and Level Annotations

Branches:
Dungeon (10/15)            Temple (1/1) D:4            Lair (0/6) D:9
    Orc: D:9-12

Altars:
Ashenzari
Cheibriados
Dithmenos
Elyvilon
Fedhas
Gozag
Hepliaklqana
Kikubaaqudgha
Makhleb
Nemelex Xobeh
Okawaru
Qazlal
Ru
Uskayaw
Vehumet
Wu Jian
Yredelemnul
Zin
The Shining One

Shops:
D:3 *   D:6 [

Annotations:
D:1 exclusion: 2 downstairs
D:2 exclusion: 2 downstairs
D:4 exclusions: downstairs and ogre
D:5 exclusion: 2 downstairs
D:6 exclusion: downstairs
D:8 exclusions: 2 downstairs, sky beast and two-headed ogre
D:10 exclusions: hornet and 2 upstairs


Innate Abilities, Weirdness & Mutations

You possess an exceptional clarity of mind.
You do not regenerate when monsters are visible.
Your spells are a little harder to cast, but a little more powerful.


Message History

Casting: Blink (safe; 3% risk of failure)
Confirm with . or Enter, or press ? or * to list all spells.
You feel a surge of power!
You blink.
There is an open door here.
Casting: Blink (safe; 3% risk of failure)
Confirm with . or Enter, or press ? or * to list all spells.
You feel a surge of power!
The fire begins to smoulder!
The fire ignites!
You can't see any susceptible monsters within range! (Use Z to cast anyway.)
Casting: Conjure Flame (safe; 1% risk of failure)
Confirm with . or Enter, or press ? or * to list all spells.
Aiming: Magic Dart (safe; 1% risk of failure)
Press: ? - help, Shift-Dir - straight line, f/p - slime creature
Aim: a slime creature (moderately wounded, 100% to hit)
You feel a surge of power!
The magic dart hits the slime creature!
The slime creature is moderately wounded.
Casting: Magic Dart (safe; 1% risk of failure)
Confirm with . or Enter, or press ? or * to list all spells.
You don't know that spell.
Unknown command.
You feel a surge of power!
The magic dart hits the slime creature.
The slime creature is moderately wounded.
The slime creature is engulfed in blazing flames.
The slime creature hits you!!
Casting: Magic Dart (safe; 1% risk of failure)
Confirm with . or Enter, or press ? or * to list all spells.
You feel a surge of power!
You blink.
The slime creature is engulfed in blazing flames.
The slime creature hits you.
* * * LOW HITPOINT WARNING * * *
There is an open door here.
Casting: Blink (safe; 3% risk of failure)
Confirm with . or Enter, or press ? or * to list all spells.
You feel a surge of power!
You blink.
There is a stone staircase leading up here.
You climb upwards.
There is a stone staircase leading down here.
You start resting.
The slime creature hits you!
You die...
Your body crumbles into a pile of gold.

##.............# #....#
##.............# ##..#..
...............###..####
###........#.....#...#
#.......##.....J.###
###.#...#..#.#....#
###..##.######$#####
#...J...#####...#[##
##.@#..###.#........
####...^....$......
##..............
##.............
###...(.......
##........(. ##.........
####...... #.......


You could see a slime creature.

Vanquished Creatures
  Joseph (D:8)
  A shadow (D:8)
  A wraith (D:10)
  17 yaks
  A water moccasin (D:6)
  2 sky beasts
  An ice beast (D:6)
  2 orc warriors
  2 ogres (D:6)
  2 necrophages (D:6)
  7 centaurs
  A phantom (D:7)
  A kobold brigand (D:10)
  A gnoll sergeant (D:7)
  Blork the orc (D:6)
  2 bullfrogs
  A water moccasin skeleton (D:6)
  11 wights
  6 howler monkeys
  6 hounds
  A centaur zombie (D:10)
  A jelly (D:8)
  4 orc priests
  3 iguanas
  5 orc wizards
  12 gnolls
  5 adders
  A shadow imp (D:7)
  A white imp (D:6)
  2 ufetubi (D:4)
  A worm (D:3)
  9 dart slugs
  13 orcs
  8 ball pythons
  4 endoplasms
  6 giant cockroaches
  3 goblins
  4 hobgoblins
  8 jackals
  3 quokkas
  3 bats
  7 frilled lizards
  13 kobolds
  A quokka skeleton (D:4)
  7 rats
192 creatures vanquished.

Vanquished Creatures (others)
  6 plants (D:2)
6 creatures vanquished.

Grand Total: 198 creatures vanquished

Notes
Turn   | Place    | Note
-------+----------+-------------------------------------------
     0 | D:1      | H0rd4k the Deep Elf Hedge Wizard began the quest for the
                  | Orb.
     0 | D:1      | Reached XP level 1. HP: 10/10 MP: 7/7
    25 | D:1      | Reached skill level 5 in Spellcasting
    25 | D:1      | Reached XP level 2. HP: 10/15 MP: 0/10
   424 | D:1      | Reached XP level 3. HP: 17/19 MP: 1/12
   427 | D:1      | Learned a level 2 spell: Blink
   431 | D:1      | Learned a level 3 spell: Conjure Flame
   435 | D:1      | Learned a level 3 spell: Mephitic Cloud
   840 | D:1      | Found a faded altar of an unknown god.
  1102 | D:2      | Reached skill level 6 in Spellcasting
  1480 | D:2      | Reached XP level 4. HP: 24/24 MP: 7/14
  1563 | D:2      | Reached skill level 1 in Poison Magic
  2074 | D:2      | Reached skill level 1 in Fire Magic
  2452 | D:2      | Gained mutation: You do not regenerate when monsters are
                  | visible. [potion of mutation]
  2452 | D:2      | Gained mutation: Your spells are a little harder to cast,
                  | but a little more powerful. [potion of mutation]
  2452 | D:2      | Gained mutation: You possess an exceptional clarity of
                  | mind. [potion of mutation]
  3177 | D:2      | Reached XP level 5. HP: 12/28 MP: 5/15
  3484 | D:3      | Identified the +6 quarterstaff of Conservatism {flame,
                  | Fragile rElec rF++ Int+2}
  4162 | D:3      | Reached skill level 1 in Air Magic
  4274 | D:3      | Found Poxeul's General Store.
  4915 | D:3      | Upgraded the game from 0.28.0 to 0.28.0-1-gb440e238dd
  5206 | D:4      | Found a staircase to the Ecumenical Temple.
  5223 | Temple   | Entered the Ecumenical Temple
  5712 | D:4      | Noticed an ogre
  6080 | D:5      | Entered Level 5 of the Dungeon
  6082 | D:5      | Noticed a centaur
  6222 | D:5      | Noticed a yak
  6231 | D:5      | Reached XP level 6. HP: 27/32 MP: 8/17
  6241 | D:5      | Reached skill level 7 in Spellcasting
  6779 | D:5      | Reached XP level 7. HP: 36/36 MP: 12/20
  6915 | D:5      | Noticed a yak
  6928 | D:5      | Killed a yak
  6929 | D:5      | Reached skill level 8 in Spellcasting
  7059 | D:5      | Noticed a yak
  7096 | D:5      | Noticed a yak
  7096 | D:5      | Noticed a yak
  7102 | D:5      | Noticed a yak
  7105 | D:5      | Killed a yak
  7106 | D:5      | Reached skill level 5 in Conjurations
  7106 | D:5      | Noticed a yak
  7294 | D:5      | Killed a yak
  7295 | D:5      | Reached skill level 9 in Spellcasting
  7413 | D:5      | Noticed a yak
  7414 | D:5      | Noticed a yak
  7414 | D:5      | Noticed a yak
  7425 | D:5      | Noticed a yak
  7430 | D:5      | Killed a yak
  7431 | D:5      | Reached XP level 8. HP: 41/41 MP: 5/23
  7784 | D:5      | Reached skill level 10 in Spellcasting
  8254 | D:5      | Reached XP level 9. HP: 46/46 MP: 15/25
  8257 | D:5      | Reached skill level 11 in Spellcasting
  9806 | D:6      | HP: 1/46 [orc warrior/stone (9)]
 10087 | D:6      | Reached skill level 12 in Spellcasting
 11185 | D:6      | Found Luzxyitig's Antique Armour Emporium.
 11322 | D:6      | Noticed Blork the orc
 11330 | D:6      | Killed Blork the orc
 12297 | D:7      | Found a glowing silver altar of Zin.
 12678 | D:8      | Noticed Joseph
 12722 | D:8      | Reached XP level 10. HP: 38/51 MP: 23/28
 12916 | D:8      | Found a stormy altar of Qazlal.
 13631 | D:8      | Reached skill level 13 in Spellcasting
 13756 | D:8      | Killed Joseph
 13925 | D:8      | Found an opulent altar of Gozag.
 13928 | D:8      | Became a worshipper of Gozag Ym Sagoz the Greedy
 13930 | D:8      | Found a shadowy altar of Dithmenos.
 13932 | D:8      | Found a burning altar of Makhleb.
 14052 | D:8      | Noticed a two-headed ogre
 14265 | D:9      | Found a staircase to the Lair.
 14289 | D:9      | Noticed a two-headed ogre
 14454 | D:8      | Reached skill level 10 in Conjurations
 14563 | D:10     | Entered Level 10 of the Dungeon
 14644 | D:10     | Learned a level 6 spell: Iron Shot
 14842 | D:10     | Found a radiant altar of Vehumet.
 15501 | D:10     | Reached skill level 1 in Earth Magic
 15800 | D:10     | Reached skill level 14 in Spellcasting
 15866 | D:10     | Found an ancient bone altar of Kikubaaqudgha.
 15867 | D:10     | Found a blossoming altar of Fedhas.
 16635 | D:9      | Slain by a slime creature

Illustrated notes

Levels and vault maps discovered:
D:1:      sevenhm_arrival_forest_fort_large_4, layout_rooms,
          hellmonk_ecumenical_altar_dog_temple
D:2:      layout_basic, serial_bayou_ford_a, kennysheep_cross_bottleneck,
          minmay_pentomino_u4
D:3:      layout_loops_ring, serial_shops, nicolae_shop_statue_plus
D:4:      kennysheep_slugbush, layout_rooms,
          minmay_temple_entry_statues_fountains
D:5:      layout_rooms
D:6:      nicolae_whirlpool, layout_gridville, serial_shops, shop,
          uniq_blork_the_orc
D:7:      layout_rooms, old_standard_altar
D:8:      layout_gridville, nicolae_qazlal_general_emergency, minitemple,
          minmay_misc_feat_nine_boxes, uniq_joseph
D:9:      minmay_the_grid_octo_tiled_squarecenter [minmay_the_grid_octo_clover,
          minmay_the_grid_octo_teeth, minmay_the_grid_octo_concentric,
          minmay_the_grid_octo_horde, minmay_the_grid_square_5x5_megaprize_open,
          minmay_the_grid_square_5x5_comb, minmay_the_grid_square_5x5_inner_v,
          minmay_the_grid_square_5x5_three_small,
          minmay_the_grid_square_5x5_spiral], layout_cave_pools,
          nzn_overflow_gifts_of_might_and_magic, doesnt_xom_only_xom,
          minmay_misc_feat_iff
D:10:     layout_irregular_city, grunt_temple_overflow_growth_and_decay,
          mainiacjoe_overflow_paths
Temple:   minmay_temple_curvy_loop

Skill      XL: |  1  2  3  4  5  6  7  8  9 10 |
---------------+-------------------------------+-----
Spellcasting   | 5 6 7 9 10 12 14 | 14.1
Poison Magic   | 1 2 3 |  3.4
Dodging        | 3 |  3.7
Fire Magic     | 1 2 3 |  3.9
Conjurations   | 2 4 6 7 9 10 | 10.6
Air Magic      | 1 2 3 4 |  4.5
Earth Magic    | 1 |  1.6
Stealth        | 3 |  3.0
Fighting       | |  0.7
Shields        | |  0.5
Summonings     | |  1.1
Translocations | |  1.9
Evocations     | |  0.2

Action                   |  1- 3 |  4- 6 |  7- 9 | 10-12 || total
-------------------------+-------+-------+-------+-------++-------
Melee: Dagger            |       |    10 |       |       ||    10
       Quarterstaff      |       |       |     1 |       ||     1
 Cast: Magic Dart        |    87 |   261 |   257 |   274 ||   879
       Blink             |       |     6 |     2 |     9 ||    17
       Conjure Flame     |       |     8 |    30 |    28 ||    66
       Mephitic Cloud    |       |    10 |    24 |    13 ||    47
Evoke: Wand              |       |       |       |     6 ||     6
  Use: Potion            |       |     2 |     2 |       ||     4
       Scroll            |       |       |     2 |     1 ||     3
Armor: Robe              |     1 |     8 |     4 |     5 ||    18
       Skin              |       |    10 |       |       ||    10
Dodge: Dodged            |     9 |    57 |    33 |    22 ||   121
Block: Other             |       |       |       |     9 ||     9
       Reflection        |       |       |       |     2 ||     2
